 Dungeon Crawl Stone Soup version 0.31.0-32-g396128a36d (webtiles) character file.

Game seed: 9610247712763953536

14 spaghetti the Slasher (level 2, -1/28 HPs)
             Began as a Naga Chaos Knight on Mar 18, 2024.
             Was a Plaything of Xom.
             Slain by a white imp (2 damage)
             ... summoned by Xom
             ... on level 1 of the Dungeon.
             The game lasted 00:00:32 (343 turns).

spaghetti the Slasher (Naga Chaos Knight)            Turns: 343, Time: 00:00:33

Health: -1/28      AC:  4    Str: 14    XL:     2   Next: 41%
Magic:  2/2        EV:  9    Int: 12    God:    Xom [*.....]
Gold:   17         SH:  0    Dex: 10    Spells: 1/1 levels left

rFire   . . .        a - +0 falchion (chaos)
rCold   . . .        (no shield)
rNeg    . . .        b - +2 leather armour
rPois   +            (no helmet)
rElec   .            (no cloak)
rCorr   .            (no gloves)
SInv    +            (no barding)
Will    .....        (no amulet)
Stlth   +            (no ring)
HPRegen 0.24/turn    (no ring)
MPRegen 0.08/turn

%: no passive effects
@: short of breath, attractive, very slow
A: AC +0, large, see invisible, deformed body, poison resistance, slowness 2,
spit poison 1, naga tail 1
a: Spit Poison, Renounce Religion


You were on level 1 of the Dungeon.
You worshipped Xom.
You were a special plaything of Xom.
You visited 1 branch of the dungeon, and saw 1 of its levels.

You collected 17 gold pieces.

Inventory:

Hand Weapons
 a - a +0 falchion of chaos (weapon)
Armour
 b - a +2 leather armour (worn)
Magical Staves
 d - a staff of air
Scrolls
 c - a scroll of butterflies
 f - a scroll of teleportation {unknown}
 g - a scroll of fog {unknown}


   Skills:
 - Level 3.0 Fighting
 + Level 3.4 Long Blades
 - Level 1.5 Armour
 + Level 1.4 Dodging


You had one spell level left.
You didn't know any spells.
Your spell library was empty.

Dungeon Overview and Level Annotations

Branches:
Dungeon (1/15)

Altars:


Innate Abilities, Weirdness & Mutations

Your serpentine skin is tough. (AC +0)
You have supernaturally acute eyesight. (SInv)
Armour fits poorly on your strangely shaped body.
Your system is resistant to poisons. (rPois)
You cover ground very slowly.
You can spit poison.
You have a snake-like lower body.


Message History

You are too injured to fight recklessly!
You are too injured to fight recklessly!
You are too injured to fight recklessly!
You are too injured to fight recklessly!
You are too injured to fight recklessly!
You are too injured to fight recklessly!
You are too injured to fight recklessly!
You are too injured to fight recklessly!
You are too injured to fight recklessly!
You are too injured to fight recklessly!
You are too injured to fight recklessly!
You are too injured to fight recklessly!
You are too injured to fight recklessly!
You miss the ufetubus. The ufetubus hits you.
The ufetubus hits you but does no damage.
The white imp hits you. The white imp freezes you.
The ufetubus barely misses you.
The ufetubus hits you but does no damage.
You closely miss the ufetubus. The ufetubus hits you. x2
* * * LOW HITPOINT WARNING * * *
The white imp closely misses you. The ufetubus hits you.
* * * LOW HITPOINT WARNING * * *
The ufetubus hits you but does no damage.
It was a potion of attraction.
You feel attractive to monsters.
Xom thinks this is hilarious!
The white imp hits you but does no damage.
The ufetubus hits you.
* * * LOW HITPOINT WARNING * * *
The ufetubus barely misses you.
Aiming: Spit Poison (2% risk of failure)
Press: ? - help, Shift-Dir - straight line, f - ufetubus
Aim: an ufetubus (summoned, 37% to hit)
The splash of poison misses the ufetubus.
The ufetubus hits you.
* * * LOW HITPOINT WARNING * * *
The ufetubus hits you but does no damage.
The white imp hits you.
You die... "Boring in life, boring in death..."

#
#..#####†#
##)#
#.######.#
#.#
#........#
#.#
#.#.######
#.#####.#.#
#.....b.#.#
#.#####.#..
#5#..
#@#..#
#5#..# #..
.b.. ###..
... .### #


You could see a white imp (summoned, ally target) and an ufetubus (summoned).

Vanquished Creatures
  2 ball pythons (D:1)
  3 endoplasms (D:1)
  2 giant cockroaches (D:1)
  A goblin (D:1)
  2 bats (D:1)
  A frilled lizard (D:1)
  A kobold (D:1)
  A rat (D:1)
13 creatures vanquished.

Notes
Turn   | Place    | Note
-------+----------+-------------------------------------------
     0 | D:1      | spaghetti the Naga Chaos Knight began the quest for the
                  | Orb.
     0 | D:1      | Reached XP level 1. HP: 21/21 MP: 1/1
    39 | D:1      | Reached skill level 1 in Dodging
   167 | D:1      | Reached XP level 2. HP: 28/28 MP: 2/2
   337 | D:1      | XOM: summons 2 hostile demons
   339 | D:1      | XOM: butterfly on damage
   343 | D:1      | HP: 1/28 [ufetubus[Xom] (3)]
   343 | D:1      | Slain by a white imp

Illustrated notes

Levels and vault maps discovered:
D:1:      saegor_arrival_simple_b, layout_loops_ring

Skill      XL: |  1 |
---------------+----+-----
Dodging        | 1 |  1.4
Fighting       | |  3.0
Long Blades    | |  3.4
Armour         | |  1.5

Action                     || total
---------------------------++-------
  Melee: Falchion          ||    43
Ability: Spit Poison       ||     1
    Use: Potion            ||     1
 Armour: Leather armour    ||    52
  Dodge: Dodged            ||    32
